MWL (24 & UNDER)
BARRY'S BAY ORIOLES @ CINCINNATI PRIDE
04/29/2028
 
TOP OF THE 1ST
Barry's Bay Orioles batting - Pitching for Cincinnati Pride : LHP José Reyes
Pitching: LHP José Reyes
Batting: SHB Emílio Calvillo 0-0: Bunted foul
0-1: Called Strike
0-2: Ball
1-2: Foul Ball, location: 2F
1-2: Ball
2-2: Ground out 4-3 (Groundball, 4M)
Batting: SHB Terry Christian 0-0: Ball
1-0: Ball
2-0: Ball
3-0: Called Strike
3-1: Fly out, F9 (Flyball, 9D)
Batting: RHB Jason Ward 0-0: Called Strike
0-1: SINGLE (Groundball, 6MD)
Batting: RHB Guy Morrison 0-0: Ball
1-0: Fielders Choice at 2nd, 5-4 (Groundball, 56)
Top of the 1st over - 0 run(s), 1 hit(s), 0 error(s), 0 left on base; Barry's Bay 0 - Cincinnati 0
BOTTOM OF THE 1ST
Cincinnati Pride batting - Pitching for Barry's Bay Orioles : RHP Manny Guerra
Pitching: RHP Manny Guerra
Batting: RHB Keith Sheehan 0-0: SINGLE (Line Drive, 89S)
Batting: RHB Bartolo Montero 0-0: Called Strike
0-1: Reached on error, E5 (Groundball, 56)
Keith Sheehan to second
Batting: LHB John Clark 0-0: SINGLE (Line Drive, 6MD)
Keith Sheehan to third
Bartolo Montero to second
Batting: LHB Gabriel Aragón 0-0: Swinging Strike
0-1: Ball
1-1: Ball
2-1: Ball
3-1: Base on Balls
Keith Sheehan scores
Bartolo Montero to third
John Clark to second
Batting: RHB Jorge Flores 0-0: Ball
1-0: Ball
2-0: Ball
3-0: Base on Balls
Bartolo Montero scores
John Clark to third
Gabriel Aragón to second
Batting: RHB Wilson Flores 0-0: Foul Ball, location: 2F
0-1: Called Strike
0-2: Foul Ball, location: 2F
0-2: DOUBLE (Flyball, 9LM)
John Clark scores
Gabriel Aragón scores
Jorge Flores to third
Batting: RHB Leslie Kennedy 0-0: Ball
1-0: Foul Ball, location: 2F
1-1: Called Strike
1-2: Ball
2-2: Strikes out swinging
Batting: RHB Pete Woods 0-0: Ball
1-0: Called Strike
1-1: Ground out U3 (Groundball, 3)
Batting: RHB Dave Crawford 0-0: SINGLE (Groundball, 56D)
Jorge Flores scores
Wilson Flores to third
Runner from 3rd tries for Home, SAFE, no throw
Batting: RHB Keith Sheehan 0-0: Called Strike
0-1: Ball
1-1: Ball
2-1: Foul Ball, location: 2F
2-2: Ground out U3 (Groundball, 34S)
Bottom of the 1st over - 6 run(s), 4 hit(s), 1 error(s), 1 left on base; Barry's Bay 0 - Cincinnati 6
TOP OF THE 2ND
Barry's Bay Orioles batting - Pitching for Cincinnati Pride : LHP José Reyes
Batting: LHB T.J. Richardson 0-0: Foul Ball, location: 2F
0-1: Ball
1-1: Ball
2-1: Swinging Strike
2-2: Strikes out swinging
Batting: RHB Octávio Aldeguer 0-0: Foul Ball, location: 2F
0-1: Called Strike
0-2: Ball
1-2: Strikes out swinging, 2-3 out at first.
Batting: RHB Bill Pike 0-0: Foul Ball, location: 2F
0-1: Called Strike
0-2: Ground out 5-3 (Groundball, 56)
Top of the 2nd over - 0 run(s), 0 hit(s), 0 error(s), 0 left on base; Barry's Bay 0 - Cincinnati 6
BOTTOM OF THE 2ND
Cincinnati Pride batting - Pitching for Barry's Bay Orioles : RHP Manny Guerra
Batting: RHB Bartolo Montero 0-0: Called Strike
0-1: Foul Ball, location: 2F
0-2: Fly out, F7 (Flyball, 7D)
Batting: LHB John Clark 0-0: Called Strike
0-1: Ball
1-1: Called Strike
1-2: Strikes out swinging
Batting: LHB Gabriel Aragón 0-0: Ground out 4-3 (Groundball, 4D)
Bottom of the 2nd over - 0 run(s), 0 hit(s), 0 error(s), 0 left on base; Barry's Bay 0 - Cincinnati 6
TOP OF THE 3RD
Barry's Bay Orioles batting - Pitching for Cincinnati Pride : LHP José Reyes
Batting: LHB Ryan Rheaume 0-0: Called Strike
0-1: Swinging Strike
0-2: Foul Ball, location: 2F
0-2: Strikes out swinging
Batting: RHB Jake Erickson 0-0: Fly out, F7 (Flyball, 7)
Batting: SHB Emílio Calvillo 0-0: Ball
1-0: Called Strike
1-1: Ball
2-1: Ball
3-1: Ground out 5-3 (Groundball, 25)
Top of the 3rd over - 0 run(s), 0 hit(s), 0 error(s), 0 left on base; Barry's Bay 0 - Cincinnati 6
BOTTOM OF THE 3RD
Cincinnati Pride batting - Pitching for Barry's Bay Orioles : RHP Manny Guerra
Batting: RHB Jorge Flores 0-0: Called Strike
0-1: SOLO HOME RUN (Flyball, 7D), Distance : 382 ft
Pitching: RHP Herb Parker
Batting: RHB Wilson Flores 0-0: Ball
1-0: Called Strike
1-1: Swinging Strike
1-2: Ball
2-2: Ball
3-2: SOLO HOME RUN (Flyball, 7LD), Distance : 350 ft
Batting: RHB Leslie Kennedy 0-0: Foul Ball, location: 2F
0-1: Ball
1-1: Foul Ball, location: 2F
1-2: Ball
2-2: Ground out 6-3 (Groundball, 6)
Batting: RHB Pete Woods 0-0: Ball
1-0: Called Strike
1-1: SINGLE (Line Drive, 34)
Batting: RHB Dave Crawford 0-0: Ball
1-0: Ball
2-0: Called Strike
2-1: Ball
3-1: Base on Balls
Pete Woods to second
Batting: RHB Keith Sheehan 0-0: Called Strike
0-1: Called Strike
0-2: Ball
1-2: Fly out, F8 (Flyball, 8RM)
Batting: RHB Bartolo Montero 0-0: Ball
1-0: SINGLE (Groundball, 6D)
Pete Woods to third
Dave Crawford to second
Runner from 3rd tries for Home, SAFE, throw made at trailing runner, SAFE at third!
Batting: LHB John Clark 0-0: Swinging Strike
0-1: Ball
1-1: Foul Ball, location: 2F
1-2: Foul Ball, location: 2F
1-2: Reached on error, E9 (Flyball, 89S)
Dave Crawford scores
Bartolo Montero to third
Pitching: RHP Billy Jacobs
Batting: LHB Gabriel Aragón 0-0: Called Strike
0-1: Swinging Strike
0-2: Ball
1-2: Foul Ball, location: 2F
1-2: Strikes out swinging
Bottom of the 3rd over - 4 run(s), 4 hit(s), 1 error(s), 2 left on base; Barry's Bay 0 - Cincinnati 10
TOP OF THE 4TH
Barry's Bay Orioles batting - Pitching for Cincinnati Pride : LHP José Reyes
Batting: SHB Terry Christian 0-0: Called Strike
0-1: Called Strike
0-2: Strikes out looking
Pitching: RHP Basilio Bea
Batting: RHB Jason Ward 0-0: Called Strike
0-1: Ground out 1-3 (Groundball, 13S)
Batting: RHB Guy Morrison 0-0: Called Strike
0-1: Ball
1-1: Ground out 5-3 (Groundball, 5D)
Top of the 4th over - 0 run(s), 0 hit(s), 0 error(s), 0 left on base; Barry's Bay 0 - Cincinnati 10
BOTTOM OF THE 4TH
Cincinnati Pride batting - Pitching for Barry's Bay Orioles : RHP Billy Jacobs
Batting: RHB Jorge Flores 0-0: Fly out, F8 (Line Drive, 78D)
Batting: RHB Wilson Flores 0-0: Ball
1-0: Ball
2-0: Ground out 6-3 (Groundball, 6M)
Batting: RHB Leslie Kennedy 0-0: Ball
1-0: Ball
2-0: Foul Ball, location: 2F
2-1: Foul Ball, location: 2F
2-2: Foul Ball, location: 2F
2-2: Ball
3-2: Strikes out swinging
Bottom of the 4th over - 0 run(s), 0 hit(s), 0 error(s), 0 left on base; Barry's Bay 0 - Cincinnati 10
TOP OF THE 5TH
Barry's Bay Orioles batting - Pitching for Cincinnati Pride : RHP Basilio Bea
Batting: LHB T.J. Richardson 0-0: Called Strike
0-1: Called Strike
0-2: Strikes out swinging
Batting: RHB Octávio Aldeguer 0-0: Ball
1-0: Foul Ball, location: 2F
1-1: Ball
2-1: Foul Ball, location: 2F
2-2: Hit by Pitch
Batting: RHB Bill Pike 0-0: Called Strike
0-1: Ball
1-1: Ball
2-1: Ball
3-1: Base on Balls
Octávio Aldeguer to second
Batting: LHB Ryan Rheaume 0-0: Called Strike
0-1: SINGLE (Groundball, 34D)
Octávio Aldeguer to third
Bill Pike to second
Runner from 3rd tries for Home, SAFE, no throw
Batting: RHB Jake Erickson 0-0: SINGLE (Flyball, 8LS)
Bill Pike to third
Ryan Rheaume to second
Runner from 3rd tries for Home, SAFE, throw made home
Ryan Rheaume to third
Jake Erickson to second
Batting: SHB Emílio Calvillo 0-0: Ball
1-0: Ball
2-0: Ball
3-0: Base on Balls
Batting: SHB Terry Christian 0-0: Called Strike
0-1: Ball
1-1: Called Strike
1-2: Ball
2-2: SINGLE (Line Drive, 8LS)
Ryan Rheaume scores
Jake Erickson to third
Emílio Calvillo to second
Runner from 3rd tries for Home, SAFE, no throw
Pitching: RHP José Bruschy
Batting: RHB Jason Ward 0-0: Fly out, F7 (Flyball, 7)
Batting: RHB Guy Morrison 0-0: Called Strike
0-1: Ball
1-1: Ball
Wild Pitch!
Emílio Calvillo to third
Terry Christian to second
2-1: Foul Ball, location: 2F
2-2: Strikes out swinging
Top of the 5th over - 4 run(s), 3 hit(s), 0 error(s), 2 left on base; Barry's Bay 4 - Cincinnati 10
BOTTOM OF THE 5TH
Cincinnati Pride batting - Pitching for Barry's Bay Orioles : RHP Billy Jacobs
Batting: RHB Pete Woods 0-0: Ball
1-0: Swinging Strike
1-1: Called Strike
1-2: SOLO HOME RUN (Flyball, 78XD), Distance : 412 ft
Batting: RHB Dave Crawford 0-0: Ground out 6-3 (Groundball, 6)
Batting: RHB Keith Sheehan 0-0: Called Strike
0-1: Called Strike
0-2: Ball
1-2: Ball
2-2: Strikes out swinging, 2-3 out at first.
Batting: RHB Bartolo Montero 0-0: Called Strike
0-1: Ball
1-1: Ball
2-1: Fly out, F9 (Line Drive, 9LM)
Bottom of the 5th over - 1 run(s), 1 hit(s), 0 error(s), 0 left on base; Barry's Bay 4 - Cincinnati 11
TOP OF THE 6TH
Barry's Bay Orioles batting - Pitching for Cincinnati Pride : RHP José Bruschy
Batting: LHB T.J. Richardson 0-0: SINGLE (Groundball, 4D)
Batting: RHB Octávio Aldeguer 0-0: Called Strike
T.J. Richardson steals 2nd base
0-1: Called Strike
0-2: Ball
1-2: Strikes out swinging
Batting: RHB Bill Pike 0-0: Ball
1-0: Ball
2-0: Ball
3-0: Called Strike
3-1: Base on Balls
Batting: LHB Ryan Rheaume 0-0: Called Strike
0-1: Called Strike
0-2: Strikes out swinging
Batting: RHB Jake Erickson 0-0: Ball
1-0: Ball
Wild Pitch!
T.J. Richardson to third
Bill Pike to second
2-0: Foul Ball, location: 2F
2-1: Called Strike
2-2: Ball
3-2: Base on Balls
Batting: SHB Emílio Calvillo 0-0: SINGLE (Groundball, 34D)
T.J. Richardson scores
Bill Pike to third
Jake Erickson to second
Throwing error, E9
Bill Pike scores
Jake Erickson to third
Emílio Calvillo to second
Batting: SHB Terry Christian 0-0: DOUBLE (Line Drive, 78D)
Jake Erickson scores
Emílio Calvillo scores
Pitching: LHP Jon Bridges
Batting: RHB Jason Ward 0-0: Ball
1-0: Ball
2-0: SINGLE (Line Drive, 78M)
Terry Christian to third
Batting: RHB Guy Morrison 0-0: Fly out, F8 (Line Drive, 8LM)
Top of the 6th over - 4 run(s), 4 hit(s), 1 error(s), 2 left on base; Barry's Bay 8 - Cincinnati 11
BOTTOM OF THE 6TH
Cincinnati Pride batting - Pitching for Barry's Bay Orioles : RHP Billy Jacobs
Batting: LHB John Clark 0-0: Fly out, F6 (Line Drive, 6)
Batting: LHB Gabriel Aragón 0-0: Foul Ball, location: 2F
0-1: TRIPLE (Flyball, 8RXD)
Batting: RHB Jorge Flores 0-0: Ball
1-0: Ball
2-0: Called Strike
2-1: Fly out, F3 (Line Drive, 3)
Batting: RHB Wilson Flores 0-0: Ball
1-0: Called Strike
1-1: Ball
2-1: Fly out, F7 (Flyball, 7)
Bottom of the 6th over - 0 run(s), 1 hit(s), 0 error(s), 1 left on base; Barry's Bay 8 - Cincinnati 11
TOP OF THE 7TH
Barry's Bay Orioles batting - Pitching for Cincinnati Pride : LHP Jon Bridges
Batting: LHB T.J. Richardson 0-0: Foul Ball, location: 2F
0-1: Ball
1-1: Called Strike
1-2: Strikes out looking
Batting: RHB Octávio Aldeguer 0-0: Ball
1-0: Ball
2-0: Ball
3-0: Called Strike
3-1: Fly out, F9 (Flyball, 9)
Batting: RHB Bill Pike 0-0: Called Strike
0-1: Foul Ball, location: 2F
0-2: Ball
1-2: Ball
2-2: Ball
3-2: Foul Ball, location: 2F
3-2: Ground out 6-3 (Groundball, 56)
Top of the 7th over - 0 run(s), 0 hit(s), 0 error(s), 0 left on base; Barry's Bay 8 - Cincinnati 11
BOTTOM OF THE 7TH
Cincinnati Pride batting - Pitching for Barry's Bay Orioles : RHP Billy Jacobs
Pitching: RHP A.J. Martin
Batting: RHB Leslie Kennedy 0-0: Ball
1-0: Swinging Strike
1-1: Foul Ball, location: 2F
1-2: Strikes out swinging
Batting: RHB Pete Woods 0-0: Called Strike
0-1: Called Strike
0-2: Ball
1-2: Strikes out swinging, 2-3 out at first.
Batting: RHB Dave Crawford 0-0: Called Strike
0-1: Ground out 5-3 (Groundball, 56)
Bottom of the 7th over - 0 run(s), 0 hit(s), 0 error(s), 0 left on base; Barry's Bay 8 - Cincinnati 11
TOP OF THE 8TH
Barry's Bay Orioles batting - Pitching for Cincinnati Pride : LHP Jon Bridges
Batting: LHB Ryan Rheaume 0-0: Ball
1-0: Ground out 4-3 (Groundball, 4)
Batting: RHB Jake Erickson 0-0: Called Strike
0-1: Ball
1-1: Ball
2-1: Ball
3-1: Called Strike
3-2: Strikes out looking
Batting: SHB Emílio Calvillo 0-0: Ball
1-0: Called Strike
1-1: Ball
2-1: Ball
3-1: Called Strike
3-2: Fly out, F9 (Flyball, 9)
Top of the 8th over - 0 run(s), 0 hit(s), 0 error(s), 0 left on base; Barry's Bay 8 - Cincinnati 11
BOTTOM OF THE 8TH
Cincinnati Pride batting - Pitching for Barry's Bay Orioles : RHP A.J. Martin
Batting: RHB Keith Sheehan 0-0: Foul Ball, location: 2F
0-1: Fly out, F9 (Flyball, 9S)
Batting: RHB Bartolo Montero 0-0: Called Strike
0-1: Swinging Strike
0-2: Foul Ball, location: 2F
0-2: Strikes out swinging
Batting: LHB John Clark 0-0: Called Strike
0-1: Ball
1-1: Ball
2-1: Ball
3-1: Base on Balls
Batting: LHB Gabriel Aragón 0-0: Ball
1-0: Foul Ball, location: 2F
1-1: Called Strike
1-2: Strikes out swinging
Bottom of the 8th over - 0 run(s), 0 hit(s), 0 error(s), 1 left on base; Barry's Bay 8 - Cincinnati 11
TOP OF THE 9TH
Barry's Bay Orioles batting - Pitching for Cincinnati Pride : LHP Jon Bridges
Pitching: RHP Lyle Scalise
Batting: SHB Terry Christian 0-0: Ball
1-0: Ball
2-0: Ball
3-0: Base on Balls
Batting: RHB Jason Ward 0-0: Ball
1-0: Fielders Choice at 2nd, 4-6 (Groundball, 4)
Batting: RHB Guy Morrison 0-0: Ball
1-0: Ball
2-0: Grounds into double play, 5-4-3 (Groundball, 5L)
Top of the 9th over - 0 run(s), 0 hit(s), 0 error(s), 0 left on base; Barry's Bay 8 - Cincinnati 11
Tuesday, August 8th, 2017 - OOTP Baseball 17.12 Build 75